 Dungeon Crawl Stone Soup version 0.28-a0-691-gad6df49e81 (webtiles) character file.

Game seed: 3798215168330747834

75 ytrimaz the Skirmisher (level 4, -6/37 HPs)
             Began as a Formicid Fighter on Oct 20, 2021.
             Mangled by an ogre (27 damage)
             ... on level 2 of the Dungeon.
             The game lasted 00:01:54 (1956 turns).

ytrimaz the Skirmisher (Formicid Fighter)           Turns: 1956, Time: 00:01:55

Health: -6/37      AC:  6    Str: 21    XL:     4   Next: 55%
Magic:  4/4        EV:  9    Int:  8    God:
Gold:   167        SH:  4    Dex: 10    Spells: 3/3 levels left

rFire   . . .      SeeInvis +   a - +0 war axe
rCold   . . .      Faith    .   c - +0 buckler
rNeg    . . .      Spirit   .   b - +0 scale mail
rPois   .          Reflect  .   (helmet unavailable)
rElec   .          Harm     .   (no cloak)
rCorr   .          Rampage  .   (no gloves)
Will    .....                   (no boots)
Stlth   ..........              (no amulet)
HPRegen 0.12/turn               (no ring)
MPRegen 0.09/turn               (no ring)

@: no status effects
A: permanent stasis, dig shafts and tunnels, antennae 3, four strong arms
a: Dig, Shaft Self


You were on level 2 of the Dungeon.
You visited 1 branch of the dungeon, and saw 2 of its levels.

You collected 167 gold pieces.

Inventory:

Hand Weapons
 a - a +0 war axe (weapon)
Armour
 b - a +0 scale mail (worn)
 c - a +0 buckler (worn)
Potions
 d - a potion of might
 e - a potion of flight {unknown}
 f - a potion of mutation {unknown}
 g - a potion of haste {unknown}


   Skills:
 + Level 4.0 Fighting
 * Level 3.9 Axes
 - Level 3.2 Armour
 - Level 3.6 Shields


You had 3 spell levels left.
You didn't know any spells.
Your spell library was empty.

Dungeon Overview and Level Annotations

Branches:
Dungeon (2/15)

Altars:

Shops:
D:1 !


Innate Abilities, Weirdness & Mutations

You cannot be hasted, slowed, berserked, paralysed or teleported.
You can dig through walls and to a lower floor.
You have a pair of large antennae on your head. (SInv)
Your four strong arms can wield two-handed weapons with a shield.


Message History

No target in view!
No target in view!
No target in view!
No target in view!
No target in view!
No target in view!
No target in view!
There is a faded altar of an unknown god here.
Things that are here:
a +0 dagger; a goblin corpse You now have 167 gold pieces (gained 15).
An ogre comes into view. It is wielding a +0 giant spiked club.
The ogre shouts!
A bat comes into view.
There are monsters nearby!
There are monsters nearby!
Found 8 gold pieces.
The bat barely misses you. The bat closely misses you.
The bat hits you but does no damage.
There are monsters nearby!
You block the bat's attack. x2
Unknown command.
Your scale mail prevents you from hitting the bat.
You slash the ogre! The bat closely misses you.
The ogre hits you with a +0 giant spiked club!
The bat closely misses you. The ogre closely misses you.
Unknown command.
You barely miss the ogre.
The ogre is moderately wounded.
You miss the bat. You block the bat's attack. The ogre closely misses you.
You hit the ogre.
The ogre is moderately wounded.
The bat hits you but does no damage. The ogre barely misses you.
You hit the ogre.
The ogre is heavily wounded.
You hit the bat. The bat hits you but does no damage.
The ogre hits you with a +0 giant spiked club!!
Ouch! That really hurt!
You die...

####.........# ..
#.....)......# ...
#............# ....
#............#
....######.....##..(..#
....P..........##.....##
♣....b.......##.#.....
♣♣PP.........##.#....#
♣P..O@....#####.#....#
#...P.......# #......#
##..........# #......#
##.........# #...#.##
#$........# ##.##.#
#.........# #....#
#.........# ######
###########


You could see an ogre and a bat.

Vanquished Creatures
  Jessica (D:2)
  A dart slug (D:2)
  4 ball pythons
  3 endoplasms
  3 giant cockroaches
  6 goblins
  7 hobgoblins
  A jackal (D:2)
  5 quokkas
  A bat (D:1)
  5 frilled lizards
  4 kobolds
  A rat (D:1)
42 creatures vanquished.

Vanquished Creatures (others)
  4 withered plants (D:2)
4 creatures vanquished.

Grand Total: 46 creatures vanquished

Notes
Turn   | Place    | Note
-------+----------+-------------------------------------------
     0 | D:1      | ytrimaz the Formicid Fighter began the quest for the Orb.
     0 | D:1      | Reached XP level 1. HP: 18/18 MP: 1/1
   351 | D:1      | Reached XP level 2. HP: 24/24 MP: 2/2
   769 | D:1      | Found Xoinol's Distillery.
   830 | D:1      | Reached XP level 3. HP: 30/30 MP: 3/3
  1785 | D:2      | Noticed Jessica
  1788 | D:2      | Killed Jessica
  1789 | D:2      | Reached skill level 4 in Fighting
  1789 | D:2      | Reached XP level 4. HP: 36/37 MP: 4/4
  1858 | D:2      | Found a faded altar of an unknown god.
  1946 | D:2      | Noticed an ogre
  1956 | D:2      | Mangled by an ogre

Illustrated notes

Levels and vault maps discovered:
D:1:      minmay_arrival_four_houses, layout_basic, serial_shops, shop_coins
D:2:      layout_basic, ebering_ecumenical_altar_petrified, serial_forest,
          infiniplex_forest_end_1, infiniplex_forest_clump_small,
          infiniplex_forest_clump_diagonal, infiniplex_forest_end_3,
          serial_shops, nicolae_shop_statue_plus, minmay_3d_cube, uniq_jessica,
          uniq_sigmund, uniq_crazy_yiuf_cottage

Skill      XL: |  1  2  3 |
---------------+----------+-----
Axes           | 3 |  3.9
Fighting       | 4 |  4.0
Armour         | |  3.2
Shields        | |  3.6

Action                   |  1- 3 |  4- 6 || total
-------------------------+-------+-------++-------
Melee: War axe           |   117 |    18 ||   135
  Use: Scroll            |     1 |       ||     1
Armor: Scale mail        |    53 |    11 ||    64
Dodge: Dodged            |    49 |    14 ||    63
Block: Buckler           |    26 |     6 ||    32

Table legend: (Time is in decaauts)
 A = Elapsed time spent in this place.
 B = Non-inter-level travel time spent in this place.
 C = Inter-level travel time spent in this place.
 D = Time resting spent in this place.
 E = Time spent auto-exploring this place.
 F = Levels seen in this place.
 G = Mean time per level.
                   A        B        C        D        E       F      G
               +--------+--------+--------+--------+--------+-----+--------+
         Total |   2003 |   1974 |     29 |      0 |   1639 |   2 | 1001.5 |
       Dungeon |   2003 |   1974 |     29 |      0 |   1639 |   2 | 1001.5 |
               +--------+--------+--------+--------+--------+-----+--------+

Top non-repeatable levels by time:
     D:1: 1562 daAuts
     D:2: 441 daAuts
